 Dungeon Crawl Stone Soup version 0.28.0-43-g3370ac3207 (webtiles) character file.

Game seed: 16653327969098351735

90 terff the Shield-Bearer (level 4, -2/35 HPs)
             Began as a Human Fighter on Mar 30, 2022.
             Slain by an orc
             ... wielding a +0 mace
              (5 damage)
             ... on level 2 of the Dungeon.
             The game lasted 00:05:10 (2289 turns).

terff the Shield-Bearer (Human Fighter)             Turns: 2289, Time: 00:05:10

Health: -2/35      AC: 12    Str: 17    XL:     4   Next: 85%
Magic:  4/4        EV:  9    Int:  8    God:
Gold:   122        SH:  5    Dex: 14    Spells: 3/3 levels left

rFire   . . .      SeeInvis .   e - +0 whip
rCold   . . .      Faith    .   c - +0 buckler
rNeg    . . .      Spirit   .   b - +0 scale mail
rPois   .          Reflect  .   (no helmet)
rElec   .          Harm     .   (no cloak)
rCorr   .          Rampage  .   g - +0 pair of gloves
Will    .....                   (no boots)
Stlth   ..........              (no amulet)
HPRegen 0.11/turn               f - +4 ring of protection
MPRegen 0.09/turn               (no ring)

@: no status effects
A: no striking features
a: no special abilities


You were on level 2 of the Dungeon.
You visited 1 branch of the dungeon, and saw 3 of its levels.

You collected 122 gold pieces.

Inventory:

Hand Weapons
 e - a +0 whip (weapon)
Armour
 b - a +0 scale mail (worn)
 c - a +0 buckler (worn)
 g - a +0 pair of gloves (worn)
Jewellery
 f - a +4 ring of protection (left hand)
Scrolls
 i - a scroll of holy word {unknown}
Potions
 a - a potion of mutation
 d - a potion of might
 h - a potion of lignification {unknown}


   Skills:
 * Level 3.5 Fighting
 + Level 3.0 Maces & Flails
 + Level 3.5 Armour
 + Level 0.8 Dodging
 + Level 3.5 Shields


You had 3 spell levels left.
You didn't know any spells.
Your spell library was empty.

Dungeon Overview and Level Annotations

Branches:
Dungeon (3/15)

Altars:


Message History

The adder is almost dead.
The adder bites you but does no damage. The orc hits you but does no damage.
You closely miss the adder.
The adder is almost dead.
The adder bites you but does no damage. The adder bites you.
You are poisoned.
The adder poisons you!
You barely miss the adder.
The adder is almost dead.
You feel sick. You block the orc's attack. The adder bites you.
You closely miss the adder.
The adder is almost dead.
You feel sick. The orc hits you but does no damage.
You block the adder's attack.
You whack the adder!
You kill the adder!
You feel sick. The orc hits you but does no damage.
You hit the orc but do no damage.
The orc is moderately wounded.
You feel sick.
You are no longer poisoned.
The orc hits you but does no damage.
You hit the orc but do no damage.
The orc is moderately wounded.
The orc hits you with a +0 mace.
* * * LOW HITPOINT WARNING * * *
You hit the orc but do no damage.
The orc is moderately wounded.
The orc barely misses you.
You hit the orc but do no damage.
The orc is moderately wounded.
The orc hits you with a +0 mace.
* * * LOW HITPOINT WARNING * * *
You barely miss the orc.
The orc is moderately wounded.
You block the orc's attack.
You hit the orc.
The orc is severely wounded.
The orc hits you with a +0 mace.
You die...

##.....##........#...(.........#.
####...###.#...#...............#.
# #...###.#...#.#........##.....
# #...#.......#.########.##..###
# #.........#.#.# #.##..... #
#.........#...# #.##...## #
#.........#...########.##...# #
##........#.o.#........##...##
### #........#..@#.#########.....
..###........#.#.#.# #..###
..'.'........+.....#########..#
..###........#.#..............#
..'.'........#..........####.##
..#.#........###.######....#.#
..#.......#### #.# #..#.#.#
#########.# #.# #..#.#.#### #.#
#.# #..#.......


You could see an orc.

Vanquished Creatures
  3 adders (D:2)
  A worm (D:2)
  5 dart slugs
  3 endoplasms
  5 giant cockroaches
  2 goblins
  4 hobgoblins
  4 jackals (D:1)
  3 quokkas
  7 ball pythons
  2 frilled lizards (D:2)
  4 kobolds
  5 rats
48 creatures vanquished.

Notes
Turn   | Place    | Note
-------+----------+-------------------------------------------
     0 | D:1      | terff the Human Fighter began the quest for the Orb.
     0 | D:1      | Reached XP level 1. HP: 18/18 MP: 1/1
   128 | D:1      | Reached XP level 2. HP: 24/24 MP: 2/2
   305 | D:1      | Reached XP level 3. HP: 28/29 MP: 3/3
   553 | D:1      | Found a faded altar of an unknown god.
  1092 | D:2      | Reached XP level 4. HP: 30/35 MP: 4/4
  2289 | D:2      | Slain by an orc

Illustrated notes

Levels and vault maps discovered:
D:1:      minmay_arrival_plants_in_alcoves, layout_rooms,
          shapermc_ecumenical_altar_flowoftime,
          nicolae_concentric_dashed_squares_mild
D:2:      layout_basic, minmay_pentomino_r4
D:3:      layout_loops_cross, grunt_temple_overflow_lords_of_destruction,
          nicolae_qazlal_scattered_showers, chequers_serial_rivers_room_b,
          minmay_box_of_dots

Skill      XL: |  1  2  3  4 |
---------------+-------------+-----
Maces & Flails | 3 |  3.0
Fighting       | |  3.5
Armour         | |  3.5
Dodging        | |  0.8
Shields        | |  3.5

Action                   |  1- 3 |  4- 6 || total
-------------------------+-------+-------++-------
Melee: Flail             |    22 |       ||    22
       Whip              |   114 |    99 ||   213
  Use: Scroll            |     1 |       ||     1
Armor: Scale mail        |    72 |    64 ||   136
Dodge: Dodged            |    68 |    47 ||   115
Block: Buckler           |    34 |    25 ||    59
